 Dungeon Crawl Stone Soup version 0.32-a0-630-g46d191b0ed (webtiles) character file.

Game seed: 1096007767655581800

17137 Dittersdorf the Fighter (level 12, -8/85 HPs)
             Began as a Gargoyle Fighter on Mar 6, 2024.
             Was an Initiate of Gozag.
             Killed from afar by a molten gargoyle (21 damage)
             ... with a bolt of magma
             ... on level 10 of the Dungeon.
             The game lasted 00:11:28 (10190 turns).

Dittersdorf the Fighter (Gargoyle Fighter)         Turns: 10190, Time: 00:11:29

Health: -8/85      AC: 25    Str: 33    XL:     12   Next: 44%
Magic:  12/12      EV: 10    Int:  8    God:    Gozag
Gold:   1538       SH:  0    Dex: 11    Spells: 11/11 levels left

rFire   . . .        B - +9 flail of Erchis {flame, rC+ Str+2}
rCold   + + +        v - +1 kite shield
rNeg    + . .        D - +2 ring mail {rC+}
rPois   ∞            (no helmet)
rElec   +            (no cloak)
rCorr   .            w - +0 pair of gloves
SInv    .            b - +0 pair of boots "Peewnun" {Str+5 Dex+2}
Will    .....        x - amulet of reflection Stlth
                     c - +4 ring of protection
HPRegen 0.34/turn    i - ring of protection from cold
MPRegen 0.13/turn

%: reflection
@: confused, ambrosia-drunk
A: sickness immunity, AC +8, negative energy resistance 1, electricity
resistance, torment resistance 1, petrification resistance
a: Renounce Religion, Potion Petition, Call Merchant, Bribe Branch


You were on level 10 of the Dungeon.
You worshipped Gozag.
Gozag was most pleased with you.
You visited 2 branches of the dungeon, and saw 11 of its levels.
You also visited: Sewer.

You collected 1814 gold pieces.
You paid 276 gold pieces to Gozag.

Inventory:

Hand Weapons
 a - a +0 morningstar
 B - the +9 flail of Erchis (weapon) {flame, rC+ Str+2}
   (You found it on level 6 of the Dungeon)

   Str+2:     It affects your strength (+2).
   rC+:       It protects you from cold.
Missiles
 u - a throwing net
Armour
 b - the +0 pair of boots "Peewnun" (worn) {Str+5 Dex+2}
   (You acquired it on level 9 of the Dungeon)

   Str+5:     It affects your strength (+5).
   Dex+2:     It affects your dexterity (+2).
 o - a +0 plate armour
 v - a +1 kite shield (worn)
 w - a +0 pair of gloves (worn)
 D - a +2 ring mail of cold resistance (worn)
Jewellery
 c - a +4 ring of protection (left hand)
 i - a ring of protection from cold (right hand)
 x - an amulet of reflection (around neck)
Wands
 p - a wand of digging (5)
 t - a wand of roots (7)
 y - a wand of flame (29) (quivered)
 F - a wand of acid (7)
Scrolls
 h - 4 scrolls of blinking
 k - a scroll of summoning
 l - 3 scrolls of enchant armour
 C - a scroll of enchant weapon
Potions
 d - 2 potions of might
 e - 2 potions of heal wounds {unknown}
 f - 4 potions of attraction {unknown}
 g - a potion of resistance
 j - 4 potions of haste
 m - a potion of invisibility
 n - 3 potions of brilliance
 q - 3 potions of ambrosia
 r - 5 potions of curing
 s - 3 potions of enlightenment
 A - a potion of cancellation


   Skills:
 + Level 14.1 Fighting
 + Level 9.3 Maces & Flails
 + Level 10.3 Armour
 + Level 10.4 Shields


You had 11 spell levels left.
You didn't know any spells.
Your spell library contained the following spells:

 Spells                   Type           Power      Damage    Failure   Level
 Magic Dart               Conj           0%         1d3       63%         1
 Ensorcelled Hibernation  Hex/Ice        0%         N/A       77%         2
 Lesser Beckoning         Tloc           0%         N/A       77%         2
 Searing Ray              Conj           0%         2d4       77%         2
 Dazzling Flash           Conj/Hex       0%         N/A       94%         3
 Gell's Gravitas          Tloc           0%         N/A       94%         3
 Passwall                 Erth           0%         N/A       94%         3
 Swiftness                Air            0%         N/A       94%         3
 Teleport Other           Tloc           0%         N/A       94%         3
 Volatile Blastmotes      Fire/Tloc      0%         2d10      94%         3
 Fulminant Prism          Conj/Alch      0%         3d5       100%        4
 Vhi's Electric Charge    Tloc/Air       0%         N/A       100%        4
 Arcjolt                  Conj/Air       0%         1d10      100%        5
 Dispersal                Tloc           0%         N/A       100%        6
 Starburst                Conj/Fire      0%         6d3       100%        6
 Maxwell's Capacitive Co  Air            0%         ∞         100%        8


Dungeon Overview and Level Annotations

Branches:
Dungeon (10/15)            Temple (1/1) D:7            Lair (0/5) D:9
    Orc (0/2) D:10          Sewer (visited)

Altars:
Ashenzari
Cheibriados
Dithmenos
Elyvilon
Fedhas
Gozag
Hepliaklqana
Kikubaaqudgha
Makhleb
Nemelex Xobeh
Okawaru
Qazlal
Ru
Sif Muna
Trog
Uskayaw
Vehumet
Wu Jian
Xom
Yredelemnul
Zin
The Shining One

Shops:
D:3 *

Portals:
Trove: D:10 (give 5 scrolls of fear)

Annotations:
Temple 2 transporters


Innate Abilities, Weirdness & Mutations

You are immune to sickness and miasma.
Your stone body is resilient. (AC +8)
You are immune to poison.
You resist negative energy. (rN+)
You are resistant to electric shocks. (rElec)
You are resistant to unholy torment.
You are immune to petrification.


Message History

Found a scroll of poison.
The lava snake hisses angrily.
The molten gargoyle hits you with a +0 flail of protection.
You are engulfed in flames!
The molten gargoyle attacks as it pursues you!
The molten gargoyle hits you but does no damage.
The molten gargoyle blasts magma at you!
The bolt of magma hits you!!
Things that are here:
a +0 flail; a +0 flail You are confused.
You feel invigorated.
You bump into the rock wall.
The molten gargoyle hits you but does no damage.
You bump into the rock wall.
The molten gargoyle blasts magma at you!
The bolt of magma misses you.
You bump into the rock wall.
The molten gargoyle hits you with a +0 flail of protection!
You are engulfed in flames!
You bump into the rock wall.
The molten gargoyle barely misses you.
You sock the molten gargoyle!
The molten gargoyle is moderately damaged.
The molten gargoyle blasts magma at you!
The bolt of magma hits you.
You bump into the rock wall.
The molten gargoyle hits you with a +0 flail of protection.
You are engulfed in flames!
You barely miss the molten gargoyle.
The molten gargoyle is moderately damaged.
The molten gargoyle hits you with a +0 flail of protection!
* * * LOW HITPOINT WARNING * * *
You are engulfed in flames!
* * * LOW HITPOINT WARNING * * *
You thump the molten gargoyle!
The molten gargoyle is severely damaged.
The molten gargoyle blasts magma at you!
The bolt of magma hits you!!
You die...
Your body crumbles into a pile of gold.

...#.######'###
#.#.#........#
.#...#........#
#.###.#........# ..
#............#
###.###.##.........#
#.. #...#..........#
#.###.###.#........#
#.9@......##########
#.#########
#..###### ##......#
###..+##.# #.#.#.#
#.#.#.#
#...≈.≈...#..
?.#.≈≈≈≈≈≈..#.#


You could see a molten gargoyle.

Vanquished Creatures
  Pikel (D:7)
  3 molten gargoyles (D:10)
  Joseph (D:8)
  Psyche (D:9)
  A hornet (D:9)
  A shadow (D:10)
  2 wraiths (D:10)
  21 yaks
  2 wyverns (D:9)
  Grum (D:8)
  2 water moccasins (D:5)
  Duvessa (D:6)
  A sky beast (D:7)
  2 ogres
  An orc warrior (D:9)
  3 ice beasts
  3 black bears
  A centaur (D:8)
  2 wolves (D:8)
  3 phantoms (D:5)
  3 lemures (D:7)
  9 kobold brigands
  5 bullfrogs
  2 scorpions
  13 wights
  17 killer bees
  Dowan (D:6)
  An electric eel (D:8)
  A howler monkey (D:5)
  3 bombardier beetles (D:5)
  An orc priest (D:9)
  3 jellies
  5 hounds
  2 gnoll boudas
  A sleepcap (D:5)
  Jessica (D:2)
  4 iguanas
  8 orc wizards
  11 gnolls
  5 adders
  A river rat (Sewer)
  A shadow imp (D:6)
  A white imp (D:6)
  3 dart slugs
  10 ribbon worms
  33 orcs
  8 endoplasms
  4 giant cockroaches
  6 goblins
  12 hobgoblins
  6 jackals
  5 quokkas
  8 ball pythons
  6 bats
  5 frilled lizards
  24 kobolds
  9 rats
291 creatures vanquished.

Vanquished Creatures (collateral kills)
  An orc (D:5)
  2 jackals (D:5)
3 creatures vanquished.

Vanquished Creatures (others)
  A kobold brigand (D:9)
  A gnoll (D:6)
2 creatures vanquished.

Grand Total: 296 creatures vanquished

Notes
Turn   | Place    | Note
-------+----------+-------------------------------------------
     0 | D:1      | Dittersdorf the Gargoyle Fighter began the quest for the
                  | Orb.
     0 | D:1      | Reached XP level 1. HP: 14/14 MP: 1/1
   207 | D:1      | Reached XP level 2. HP: 16/19 MP: 2/2
   701 | D:1      | Reached XP level 3. HP: 19/23 MP: 3/3
  1453 | D:2      | Noticed Jessica
  1457 | D:2      | Killed Jessica
  1458 | D:2      | Reached XP level 4. HP: 25/29 MP: 4/4
  1477 | D:2      | Got Jessica's Tome of Angles
  1545 | D:2      | Reached skill level 4 in Fighting
  1877 | D:3      | Noticed a moth of wrath
  1880 | D:3      | Found a bloodstained altar of Trog.
  2410 | D:3      | Found Bafuud's Assorted Antiques.
  2530 | D:3      | Reached XP level 5. HP: 33/33 MP: 5/5
  2824 | D:4      | Found a glowing drain.
  2841 | Sewer    | Entered a sewer
  3019 | Sewer    | Noticed a kobold brigand
  3050 | Sewer    | Killed a kobold brigand
  3051 | Sewer    | Reached XP level 6. HP: 38/39 MP: 6/6
  3305 | Sewer    | Reached skill level 5 in Fighting
  3305 | Sewer    | Reached skill level 5 in Armour
  3305 | Sewer    | Reached skill level 5 in Shields
  3305 | Sewer    | Reached XP level 7. HP: 42/44 MP: 7/7
  3656 | D:4      | Found a sparkling altar of Nemelex Xobeh.
  3921 | D:4      | Reached XP level 8. HP: 42/51 MP: 8/8
  4411 | D:5      | Entered Level 5 of the Dungeon
  4524 | D:5      | Reached skill level 6 in Fighting
  4524 | D:5      | Reached skill level 5 in Maces & Flails
  4964 | D:5      | You fall into a shaft and drop 2 floors!
  5098 | D:6      | Reached XP level 9. HP: 53/56 MP: 9/9
  5250 | D:5      | Reached skill level 7 in Fighting
  5863 | D:6      | Noticed Duvessa
  5863 | D:6      | Noticed Dowan
  5886 | D:6      | Killed Duvessa
  5893 | D:6      | Killed Dowan
  6082 | D:6      | Identified the +9 flail of Erchis {flame, rC+ Str+2}
  6157 | D:6      | Found an ancient bone altar of Kikubaaqudgha.
  6660 | D:7      | Reached skill level 8 in Fighting
  6721 | D:7      | Noticed Pikel
  6731 | D:7      | Killed Pikel
  6732 | D:7      | Reached XP level 10. HP: 49/65 MP: 10/10
  6798 | D:7      | Found a staircase to the Ecumenical Temple.
  6808 | Temple   | Found a transporter.
  6808 | Temple   | Found a transporter.
  6808 | Temple   | Found a transporter.
  6808 | Temple   | Found a transporter.
  6808 | Temple   | Entered the Ecumenical Temple
  6824 | Temple   | Became a worshipper of Gozag Ym Sagoz the Greedy
  7775 | D:8      | Reached skill level 9 in Fighting
  7789 | D:8      | Noticed Grum
  7797 | D:8      | Killed Grum
  7820 | D:8      | Noticed Joseph
  7829 | D:8      | Killed Joseph
  8449 | D:9      | Reached skill level 13 in Fighting
  8449 | D:9      | Reached XP level 11. HP: 78/78 MP: 11/11
  8524 | D:9      | Identified a scroll of acquirement
  8524 | D:9      | Acquired the +0 pair of boots "Peewnun" {Str+5 Dex+2}
  8590 | D:9      | Reached XP level 12. HP: 36/84 MP: 12/12
  8792 | D:9      | Found a staircase to the Lair.
  8863 | D:9      | Reached skill level 10 in Shields
  8931 | D:9      | Reached skill level 10 in Armour
  9028 | D:9      | Noticed Psyche
  9047 | D:9      | Killed Psyche
  9453 | D:10     | Entered Level 10 of the Dungeon
  9559 | D:10     | Reached skill level 14 in Fighting
  9663 | D:10     | Found a staircase to the Orcish Mines.
  9664 | D:10     | Found a portal to a secret trove of treasure.
  9721 | D:10     | Identified the +0 spear "Raisin" {drain, rC+ Will+ Int+3}
 10190 | D:10     | Killed from afar by a molten gargoyle

Illustrated notes

Levels and vault maps discovered:
D:1:      amcnicky_arrival_feature_with_door, layout_basic
D:2:      layout_loops_ring, kennysheep_jessica_study
D:3:      layout_basic, tgw_trog, serial_shops, shop, due_unseen_surprise
D:4:      layout_layer_cave, nemelex_diamond_rough_becter,
          cheibrodos_sewer_entry_sluice, nicolae_concentric_dashed_squares_mild
D:5:      minmay_polygon_palace, layout_basic, minivault_5
D:6:      layout_loops_cross, mainiacjoe_overflow_catwalk, uniq_duvessa
D:7:      layout_basic, minmay_temple_entry_statues_fountains, uniq_pikel
D:8:      layout_loops_ring, hangedman_decor_peaks_small,
          kennysheep_cross_bottleneck, uniq_grum, uniq_joseph
D:9:      minmay_evil_eye, layout_cave_pools, lair_entry_dummy,
          nicolae_elevator_lobby_plus, uniq_psyche
D:10:     layout_roguey, orc_0_dummy, enter_trove_0, serial_shops,
          kennysheep_little_box, minivault_8
Temple:   hellmonk_temple_divided_pantheon

Skill      XL: |  1  2  3  4  5  6  7  8  9 10 11 12 |
---------------+-------------------------------------+-----
Fighting       | 4 5 6 8 13 14 | 14.1
Armour         | 4 5 6 8 9 10 | 10.3
Shields        | 4 5 7 8 9 10 | 10.4
Maces & Flails | 3 4 5 7 8 9 |  9.3

Action                     |  1- 3 |  4- 6 |  7- 9 | 10-12 || total
---------------------------+-------+-------+-------+-------++-------
  Melee: Flail             |   103 |     5 |    58 |   320 ||   486
         Club              |       |   256 |   313 |       ||   569
    Use: Scroll            |       |     8 |     2 |    11 ||    21
         Potion            |       |       |       |     3 ||     3
 Armour: Scale mail        |    80 |   189 |   129 |       ||   398
         Chain mail        |       |       |    63 |   174 ||   237
         Ring mail         |       |       |       |    31 ||    31
  Dodge: Dodged            |    54 |    76 |   100 |    72 ||   302
  Block: Buckler           |    30 |     2 |       |       ||    32
         Kite shield       |       |   212 |   352 |   280 ||   844
         Reflection        |       |    10 |     6 |     5 ||    21

Table legend: (Time is in decaauts)
 A = Elapsed time spent in this place.
 B = Non-inter-level travel time spent in this place.
 C = Inter-level travel time spent in this place.
 D = Time resting spent in this place.
 E = Time spent auto-exploring this place.
 F = Levels seen in this place.
 G = Mean time per level.
                   A        B        C        D        E       F      G
               +--------+--------+--------+--------+--------+-----+--------+
         Total |  10509 |  10128 |    381 |    707 |   7035 |  12 |  875.8 |
       Dungeon |   9580 |   9199 |    381 |    707 |   6491 |  10 |  958.0 |
        Temple |     38 |     38 |      0 |      0 |      2 |   1 |   38.0 |
         Sewer |    890 |    890 |      0 |      0 |    541 |   1 |  890.0 |
               +--------+--------+--------+--------+--------+-----+--------+

Top non-repeatable levels by time:
     D:5: 1258 daAuts
     D:1: 1178 daAuts
     D:7: 1019 daAuts
     D:8: 1011 daAuts
     D:3: 1007 daAuts
     D:4: 968 daAuts
     D:9: 965 daAuts
   Sewer: 890 daAuts
     D:6: 814 daAuts
    D:10: 724 daAuts
     D:2: 632 daAuts
  Temple: 38 daAuts
